 Dungeon Crawl Stone Soup version 0.28-a0-29-g0adfcbbeba (webtiles) character file.

Game seed: 5715011419240521029

18 HAL9000 the Changer (level 2, 0/23 HPs)
             Began as a Draconian Transmuter on July 27, 2021.
             Frozen to death by an endoplasm (5 damage)
             ... on level 2 of the Dungeon.
             The game lasted 00:00:33 (721 turns).

HAL9000 the Changer (Draconian Transmuter)           Turns: 721, Time: 00:00:33

Health: 0/23       AC:  4    Str: 12    XL:     2   Next: 48%
Magic:  4/5        EV: 12    Int: 13    God:
Gold:   30         SH:  0    Dex: 11    Spells: 4/5 levels left

rFire   . . .      SeeInvis .     - Unarmed
rCold   . . .      Faith    .   (no shield)
rNeg    . . .      Spirit   .   (armour unavailable)
rPois   .          Reflect  .   (helmet restricted)
rElec   .          Harm     .   (no cloak)
rCorr   .          Rampage  .   (no gloves)
Will    .....                   (no boots)
Stlth   +.........              (no amulet)
HPRegen 0.07/turn               (no ring)
MPRegen 0.09/turn               (no ring)

@: very slightly contaminated, slowed, very slow
A: AC +4, unfitting armour, cold-blooded
a: no special abilities


You were on level 2 of the Dungeon.
You visited 1 branch of the dungeon, and saw 2 of its levels.

You collected 30 gold pieces.

Inventory:

Scrolls
 a - a scroll of identify {unknown}
 b - a scroll of amnesia {unknown}
 e - a scroll of holy word {unknown}
Potions
 c - a potion of might {unknown}
 d - a potion of mutation {unknown}


   Skills:
 - Level 1.1 Fighting
 - Level 1.7 Dodging
 - Level 3.0 Unarmed Combat
 - Level 2.0 Spellcasting
 + Level 3.1 Transmutations


You had 4 spell levels left.
You knew the following spells:

 Your Spells              Type           Power      Damage    Failure   Level
a - Beastly Appendage     Tmut           18%        N/A       7%          1

Your spell library contained the following spells:

 Spells                   Type           Power      Damage    Failure   Level
 Wereblood                Tmut           9%         N/A       11%         2
 Spider Form              Tmut/Pois      2%         N/A       36%         3
 Ice Form                 Ice/Tmut       5%         N/A       78%         4


Dungeon Overview and Level Annotations

Branches:
Dungeon (1/15)

Altars:


Innate Abilities, Weirdness & Mutations

Your plain brown scales are hard. (AC +4)
You cannot fit into any form of body armour.
You are cold-blooded and may be slowed by cold attacks.


Message History

Your horns disappear.
Your talons disappear.
An endoplasm comes into view.
The endoplasm quivers.
Found 3 gold pieces.
An endoplasm is nearby!
An endoplasm is nearby!
Casting: Beastly Appendage (safe; 7% risk of failure)
Confirm with . or Enter, or press ? or * to list all spells.
You miscast Beastly Appendage.
You are very lightly contaminated with residual magic.
Nothing appears to happen.
The endoplasm freezes you.
You are frozen.
You feel yourself slow down.
You hit the endoplasm but do no damage.
You feel yourself speed up. The endoplasm freezes you.
You are frozen.
You feel yourself slow down.
You barely miss the endoplasm. You tail-slap the endoplasm.
The endoplasm is heavily wounded.
The endoplasm freezes you.
You are frozen.
You hit the endoplasm.
The endoplasm is almost dead.
The endoplasm freezes you.
You are frozen.
You feel as though you will be slow longer.
The endoplasm freezes you.
You are frozen.
You barely miss the endoplasm.
The endoplasm is almost dead.
The endoplasm barely misses you.
You barely miss the endoplasm.
The endoplasm is almost dead.
The endoplasm freezes you.
You are frozen.
* * * LOW HITPOINT WARNING * * *
You feel as though you will be slow longer.
The endoplasm freezes you.
You are frozen.
You die...

##...##
######.#
##+## #.#
#.# #.#
#####.#
..##.# ##
#.##.#
#...##.##.#
#$...J@...#
#...##.####
... #.# .
..# ####


You could see an endoplasm.

Vanquished Creatures
  A dart slug (D:1)
  2 ball pythons (D:2)
  2 bats (D:2)
  A hobgoblin (D:1)
  6 jackals
  A rat (D:1)
13 creatures vanquished.

Notes
Turn   | Place    | Note
-------+----------+-------------------------------------------
     0 | D:1      | HAL9000 the Draconian Transmuter began the quest for the
                  | Orb.
     0 | D:1      | Reached XP level 1. HP: 16/16 MP: 3/3
   150 | D:1      | Reached XP level 2. HP: 17/23 MP: 3/5
   231 | D:1      | You fall into a shaft and drop 1 floor!
   721 | D:2      | Frozen to death by an endoplasm

Illustrated notes

Levels and vault maps discovered:
D:1:      scummos_arrival_simple_crosswalls, layout_basic,
          hangedman_decor_clover_reticule
D:2:      layout_loops_corners, chequers_serial_rivers_micro_d

Skill      XL: |  1  2 |
---------------+-------+-----
Transmutations | 3 |  3.1
Fighting       | |  1.1
Dodging        | |  1.7
Unarmed Combat | |  3.0
Spellcasting   | |  2.0

Action                   || total
-------------------------++-------
Melee: Unarmed           ||    43
       Kick              ||     5
       Tailslap          ||     5
 Cast: Beastly Appendage ||     9
Armor: Skin              ||    16
Dodge: Dodged            ||    40

Table legend: (Time is in decaauts)
 A = Elapsed time spent in this place.
 B = Non-inter-level travel time spent in this place.
 C = Inter-level travel time spent in this place.
 D = Time resting spent in this place.
 E = Time spent auto-exploring this place.
 F = Levels seen in this place.
 G = Mean time per level.
                   A        B        C        D        E       F      G
               +--------+--------+--------+--------+--------+-----+--------+
         Total |    720 |    720 |      0 |     55 |    562 |   2 |  360.0 |
       Dungeon |    720 |    720 |      0 |     55 |    562 |   2 |  360.0 |
               +--------+--------+--------+--------+--------+-----+--------+

Top non-repeatable levels by time:
     D:2: 490 daAuts
     D:1: 230 daAuts
